 Dungeon Crawl Stone Soup version 0.30-a0-578-gdee14c521f (webtiles) character file.

Game seed: 8919649236169823931

5900 OTABOTABOTAB the Martial Artist (level 10, -2/97 HPs)
             Began as a White Draconian Transmuter on Jan 1, 2023.
             Was a Follower of Sif Muna.
             Slain by a yak (10 damage)
             ... on level 9 of the Dungeon.
             The game lasted 00:19:33 (8177 turns).

OTABOTABOTAB the Martial Artist (DrTm)              Turns: 8177, Time: 00:19:34

Health: -2/97      AC:  7    Str: 20    XL:     10   Next: 53%
Magic:  14/18      EV: 11    Int: 14    God:    Sif Muna [*.....]
Gold:   539        SH:  0    Dex: 14    Spells: 12/20 levels left

rFire   x . .      SeeInvis .      - Unarmed
rCold   + + +      Faith    .    (shield currently unavailable)
rNeg    . . .      Spirit   .    (body armour unavailable)
rPois   +          Reflect  .    (helmet currently unavailable)
rElec   .          Harm     .    (cloak currently unavailable)
rCorr   .          Rampage  .    (gloves currently unavailable)
Will    .....                    (boots currently unavailable)
Stlth   +                        l - amulet of regeneration
HPRegen 1.16/turn                P - ring of poison resistance {rPois, !d}
MPRegen 0.16/turn                q - +6 ring of strength

@: short of breath, ice-form, hasted, very quick
A: freezing attack, amphibious, boosted hp, (breathe frost), AC +7, large,
unfitting armour, (cold resistance 1), (cold-blooded)
a: End Transformation, Renounce Religion, Channel Magic


You were on level 9 of the Dungeon.
You worshipped Sif Muna.
Sif Muna was aware of your devotion.
You were a creature of crystalline ice.
You visited 2 branches of the dungeon, and saw 10 of its levels.

You collected 539 gold pieces.

Inventory:

Missiles
 f - 5 poisoned darts
 p - 2 throwing nets {!d}
Armour
 g - a +0 pair of gloves (melded)
   (You found it on level 7 of the Dungeon)
 m - a +2 cloak (melded)
   (You took it off Maurice on level 8 of the Dungeon)
 t - a +0 pair of boots (melded)
   (You found it on level 5 of the Dungeon)
Jewellery
 l - an amulet of regeneration (around neck)
   (You found it on level 2 of the Dungeon)
 q - a +6 ring of strength (right front paw)
   (You found it on level 8 of the Dungeon)
 C - a ring of protection from cold {rC+, !d}
   (You found it on level 7 of the Dungeon)
 P - a ring of poison resistance (left front paw) {rPois, !d}
   (You found it on level 7 of the Dungeon)
Wands
 d - a wand of digging (5)
   (You found it on level 7 of the Dungeon)
 e - a wand of charming (6)
   (You found it on level 7 of the Dungeon)
 i - a wand of iceblast (5)
   (You found it on level 4 of the Dungeon)
 j - a wand of polymorph (5)
   (You took it off Maurice on level 8 of the Dungeon)
Scrolls
 a - a scroll of fog
 c - a scroll of identify {@r1}
 h - 2 scrolls of blinking {unknown}
 k - a scroll of butterflies
 n - 2 scrolls of poison {!r}
 V - a scroll of vulnerability {!r!r}
 X - a scroll of magic mapping {@r4!r}
 Y - 2 scrolls of teleportation {@r3}
Potions
 b - 3 potions of lignification {!q}
 o - 2 potions of attraction {!q}
 B - 3 potions of brilliance
 G - a potion of ambrosia {!q}
 H - 2 potions of haste
 J - 10 potions of curing {@q1}
 L - 3 potions of flight
 M - a potion of might
 U - 2 potions of mutation {!q}


   Skills:
 - Level 5.0 Fighting
 - Level 5.0 Dodging
 - Level 10.0 Unarmed Combat
 * Level 5.5 Spellcasting
 + Level 7.4 Transmutations
 - Level 3.0 Ice Magic
 - Level 3.0 Poison Magic
 + Level 4.1 Invocations


You had 12 spell levels left.
You knew the following spells:

 Your Spells              Type           Power      Damage    Failure   Level
a - Beastly Appendage     Tmut           48%        N/A       1%          1
b - Ice Form              Ice/Tmut       18%        N/A       19%         4
c - Spider Form           Tmut/Pois      18%        N/A       6%          3

Your spell library contained the following spells:

 Spells                   Type           Power      Damage    Failure   Level
 Wereblood                Tmut           24%        N/A       1%          2
 Passwall                 Tmut/Erth      11%        N/A       5%          2
 Ensorcelled Hibernation  Hex/Ice        16%        N/A       14%         2
 Kiss of Death            Conj/Necr      12%        2d6       17%         1
 Blade Hands              Tmut           12%        N/A       22%         5
 Confusing Touch          Hex            3%         N/A       45%         3
 Inner Flame              Hex/Fire       3%         N/A       45%         3
 Swiftness                Air            3%         N/A       45%         3
 Irradiate                Conj/Tmut      7%         3d14      69%         5
 Dispel Undead            Necr           3%         3d7       86%         4
 Flame Wave               Conj/Fire      3%         2d5       86%         4
 Sticky Flame             Conj/Fire      3%         2d3       86%         4
 Dragon Form              Tmut           12%        N/A       100%        7


Dungeon Overview and Level Annotations

Branches:
Dungeon (9/15)             Temple (1/1) D:6
   Lair: D:8-11         Orc: D:9-12

Altars:
Ashenzari
Cheibriados
Dithmenos
Elyvilon
Fedhas
Gozag
Kikubaaqudgha
Makhleb
Nemelex Xobeh
Okawaru
Qazlal
Ru
Sif Muna
Trog
Uskayaw
Vehumet
Wu Jian
Xom
Yredelemnul
Zin
The Shining One

Annotations:
D:3 2 transporters


Innate Abilities, Weirdness & Mutations

You are a creature of crystalline ice.
You have a powerful freezing melee attack.
You are amphibious.
Your maximum health is increased.
Your armour is entirely melded.
You are incapable of wielding weapons or throwing items.
((You can breathe waves of freezing cold which knock back foes.))
((Your icy white scales are hard. (AC +7)))
You cannot fit into any form of body armour.
((Your flesh is cold resistant. (rC+)))
((You are cold-blooded and may be slowed by cold attacks.))


Message History

You punch the kobold brigand! You freeze the kobold brigand.
You hit the kobold brigand. You freeze the kobold brigand.
The kobold hits you with a +0 club. The kobold brigand misses you.
You take 1 damage, and have 96/97 hp.
You punch the kobold brigand! You freeze the kobold brigand.
The kobold hits you with a +0 club.
The kobold brigand hits you with a +0 whip of venom.
You are poisoned.
You take 5 damage, and have 91/97 hp.
You barely miss the kobold brigand.
You feel very sick.
The orc hits you with a +0 flail of protection.
The kobold hits you but does no damage. The yak gores you but does no damage.
The kobold brigand hits you but does no damage.
You are more poisoned.
You take 7 damage, and have 84/97 hp.
You punch the kobold brigand! You freeze the kobold brigand.
You kill the kobold brigand!
Sif Muna accepts your kill.
You feel very sick. The orc hits you but does no damage.
The kobold hits you with a +0 club. The yak gores you.
You take 4 damage, and have 80/97 hp.
You punch the yak! You freeze the yak.
You feel very sick.
You hear a bellow! x2
The orc hits you from afar with a +0 trident.
The kobold closely misses you. The kobold hits you with a +0 dagger.
You take 5 damage, and have 75/97 hp.
You punch the yak! You freeze the yak.
You feel sick.
You take 1 damage, and have 74/97 hp.
You pummel the yak!! You freeze the yak.
You kill the yak!
Sif Muna accepts your kill.
You feel sick. The orc hits you but does no damage. The yak barely misses you.
The kobold barely misses you. x2
Your Invocations skill increases to level 4!
You take 1 damage, and have 73/97 hp.
You hit the yak. You freeze the yak.
You feel sick. The orc hits you but does no damage.
Something hits you but does no damage. The yak gores you!
A yak comes into view.
The kobold hits you but does no damage. x2
You take 11 damage, and have 62/97 hp.
You hit the yak. You freeze the yak.
You feel sick. The orc barely misses you.
Something hits you but does no damage. The kobold hits you but does no damage.
The kobold hits you with a +0 dagger.
You take 3 damage, and have 59/97 hp.
You hit the yak but do no damage.
You feel sick.
The orc hits you from afar with a +0 trident.
You hear some strange, mumbled words.
A magic dart appears from out of thin air!
The magic dart hits you but does no damage.
The kobold closely misses you. The yak gores you! The yak barely misses you.
The kobold misses you.
You take 15 damage, and have 44/97 hp.
You hit the yak. You freeze the yak.
The orc hits you from afar with a +0 trident.
The yak misses you. The yak gores you. Something hits you but does no damage.
The kobold hits you but does no damage. The kobold closely misses you.
You take 5 damage, and have 39/97 hp.
You punch the yak! You freeze the yak.
You feel sick.
You hit the yak. You freeze the yak.
You feel sick. The orc misses you. Something hits you but does no damage.
The yak misses you. The yak gores you. The kobold barely misses you.
The kobold hits you but does no damage.
You take 2 damage, and have 37/97 hp.
You pummel the yak!! You freeze the yak.
You kill the yak!
Sif Muna accepts your kill.
You feel sick. The orc hits you but does no damage.
Something hits you but does no damage. The kobold hits you with a +0 club.
The kobold hits you but does no damage. The yak closely misses you.
You take 4 damage, and have 33/97 hp.
You pummel the yak!! You freeze the yak!
You feel sick.
You are no longer poisoned.
The orc misses you. Something hits you but does no damage.
The yak completely misses you.
The kobold hits you but does no damage. x2
The yak gores you!
* * * LOW HITPOINT WARNING * * *
You take 11 damage, and have 22/97 hp.
Unknown command.
You feel better. Something hits you.
* * * LOW HITPOINT WARNING * * *
The orc hits you from afar with a +0 trident.
* * * LOW HITPOINT WARNING * * *
The kobold hits you but does no damage. The kobold closely misses you.
The yak completely misses you. The yak gores you!
* * * LOW HITPOINT WARNING * * *
You take 9 damage, and have 13/97 hp.
You feel yourself speed up. The orc misses you.
Something hits you but does no damage. The yak gores you!
* * * LOW HITPOINT WARNING * * *
The kobold barely misses you. The kobold hits you but does no damage.
The yak misses you.
You take 10 damage, and have 3/97 hp.
You feel as though your hastened speed will last longer.
You feel better. The orc barely misses you. Something hits you.
* * * LOW HITPOINT WARNING * * *
The yak barely misses you. The yak gores you!
You die...

####### .......
###Ko.....
#############YY{Ko....
#...........#Y#Ko.....
#.........!...#o....>.
#........############.
#........# #........#
#........# #...?Y...#
#...Y....#


You could see 2 yaks, 4 orcs and 3 kobolds.

Vanquished Creatures
  Maurice (D:8)
  A hornet (D:8)
  Grinder (D:3)
  5 yaks
  4 steam dragons
  4 water moccasins
  Duvessa (D:4)
  2 black bears
  5 orc warriors
  An ice beast (D:6)
  3 sky beasts
  4 ogres
  2 centaurs
  A phantom (D:4)
  2 kobold brigands
  3 bullfrogs (D:8)
  A scorpion (D:4)
  6 wights
  Dowan (D:4)
  A killer bee (D:8)
  4 orc priests
  3 hounds
  2 jellies (D:5)
  2 gnoll boudas
  4 iguanas
  Natasha (D:4)
  10 orc wizards
  A mummy (D:5)
  Robin (D:3)
  14 gnolls
  2 adders (D:4)
  2 shadow imps
  2 ufetubi
  3 worms
  5 dart slugs
  38 orcs
  5 endoplasms
  4 giant cockroaches
  18 goblins
  10 hobgoblins
  2 jackals (D:1)
  8 kobolds
  6 quokkas
  4 ball pythons
  4 bats
  6 frilled lizards
  2 hobgoblin zombies (D:5)
  A kobold zombie (D:5)
  An orc zombie (D:5)
  5 rats
219 creatures vanquished.

Vanquished Creatures (others)
  7 plants (D:6)
7 creatures vanquished.

Grand Total: 226 creatures vanquished

Notes
Turn   | Place    | Note
-------+----------+-------------------------------------------
     0 | D:1      | OTABOTABOTAB the Draconian Transmuter began the quest for
                  | the Orb.
     0 | D:1      | Reached XP level 1. HP: 16/16 MP: 3/3
   184 | D:1      | Reached skill level 2 in Dodging
   184 | D:1      | Reached XP level 2. HP: 23/23 MP: 3/5
   512 | D:1      | Reached XP level 3. HP: 29/29 MP: 4/6
   805 | D:1      | Reached skill level 2 in Fighting
   809 | D:1      | Learned a level 3 spell: Spider Form
  1323 | D:2      | Reached skill level 1 in Poison Magic
  1386 | D:2      | Found a faded altar of an unknown god.
  1481 | D:2      | Reached XP level 4. HP: 30/36 MP: 5/7
  1548 | D:3      | Found a transporter.
  1563 | D:3      | Identified the +3 helmet of the Moneychanger {rCorr Str+2
                  | Dex+3}
  1563 | D:3      | Noticed Robin
  1582 | D:3      | Killed Robin
  1587 | D:3      | HP: 9/36 [goblin/+0 club[Robin] (6)]
  1594 | D:3      | HP: 8/36 [goblin/+0 club[Robin] (3)]
  1609 | D:3      | Noticed Grinder
  1633 | D:3      | Paralysed by Grinder for 5 turns
  1641 | D:3      | Paralysed by Grinder for 2 turns
  1645 | D:3      | Paralysed by Grinder for 5 turns
  1681 | D:3      | Killed Grinder
  1682 | D:3      | Reached skill level 4 in Transmutations
  1682 | D:3      | Reached skill level 3 in Poison Magic
  1682 | D:3      | Reached XP level 5. HP: 20/41 MP: 5/8
  1682 | D:3      | Reached XP level 6. HP: 23/48 MP: 5/9
  1907 | D:3      | Found a transporter.
  2059 | D:3      | Identified a scroll of acquirement
  2059 | D:3      | Acquired a book of Transfigurations
  2066 | D:3      | Learned a level 4 spell: Ice Form
  2077 | D:3      | Reached skill level 4 in Unarmed Combat
  2077 | D:3      | Reached skill level 5 in Transmutations
  2231 | D:4      | Reached skill level 1 in Ice Magic
  2231 | D:4      | Your scales start taking on an icy white colour.
  2231 | D:4      | Reached XP level 7. HP: 31/56 MP: 3/10
  2231 | D:4      | Gained mutation: Your flesh is cold resistant. (rC+) [White
                  | Draconian growth]
  2438 | D:4      | Noticed Duvessa
  2438 | D:4      | Noticed Dowan
  2459 | D:4      | Killed Duvessa
  2460 | D:4      | Reached skill level 2 in Ice Magic
  2468 | D:4      | Killed Dowan
  2469 | D:4      | Reached skill level 3 in Fighting
  2469 | D:4      | Reached skill level 3 in Dodging
  2994 | D:4      | Noticed Natasha
  3001 | D:4      | Killed Natasha
  3002 | D:4      | Reached skill level 5 in Unarmed Combat
  3483 | D:5      | Entered Level 5 of the Dungeon
  3503 | D:5      | Reached skill level 3 in Ice Magic
  3503 | D:5      | Reached XP level 8. HP: 48/63 MP: 9/11
  3561 | D:5      | You fall into a shaft and drop 1 floor!
  3573 | D:6      | Found an iron altar of Okawaru.
  3678 | D:6      | Found an ancient bone altar of Kikubaaqudgha.
  3880 | D:5      | Found a hide-covered altar of Uskayaw.
  3990 | D:5      | Reached skill level 4 in Fighting
  4037 | D:5      | Reached skill level 6 in Unarmed Combat
  4171 | D:5      | Reached skill level 6 in Transmutations
  4231 | D:5      | Identified the +1 scale mail of the Chupacabra {rF+ Stlth+}
  4549 | D:5      | Reached skill level 4 in Dodging
  4584 | D:5      | Found a burning altar of Makhleb.
  4789 | D:6      | Found a staircase to the Ecumenical Temple.
  4798 | Temple   | Entered the Ecumenical Temple
  5099 | Temple   | Became a worshipper of Sif Muna the Loreminder
  5186 | D:6      | Reached skill level 7 in Unarmed Combat
  5233 | D:6      | Reached skill level 5 in Fighting
  5299 | D:6      | Reached XP level 9. HP: 70/74 MP: 6/12
  5952 | D:7      | HP: 18/74 [poisoned by a water moccasin]
  6121 | D:7      | Reached skill level 5 in Dodging
  6121 | D:7      | Reached skill level 8 in Unarmed Combat
  6161 | D:7      | Reached skill level 9 in Unarmed Combat
  6458 | D:7      | Reached skill level 10 in Unarmed Combat
  6557 | D:7      | Reached * piety under Sif Muna
  6560 | D:7      | Reached skill level 1 in Invocations
  6934 | D:7      | Reached skill level 3 in Spellcasting
  7179 | D:8      | Reached skill level 2 in Invocations
  7179 | D:8      | Reached XP level 10. HP: 81/81 MP: 9/15
  7278 | D:8      | Paralysed by a hornet for 2 turns
  7285 | D:8      | HP: 20/81 [poisoned by a hornet]
  7290 | D:8      | HP: 19/81 [poisoned by a hornet]
  7436 | D:8      | Reached skill level 4 in Spellcasting
  7462 | D:8      | Reached skill level 3 in Invocations
  7557 | D:8      | Reached skill level 7 in Transmutations
  7780 | D:8      | Noticed Maurice
  7791 | D:8      | Killed Maurice
  8052 | D:8      | Reached skill level 5 in Spellcasting
  8166 | D:9      | Reached skill level 4 in Invocations
  8173 | D:9      | HP: 22/97 [yak (11)]
  8175 | D:9      | HP: 3/97 [yak (11)]
  8177 | D:9      | Slain by a yak

Illustrated notes

Levels and vault maps discovered:
D:1:      lightli_arrival_lavapool, layout_loops_ring
D:2:      layout_rooms, shapermc_ecumenical_altar_totnotflames, st_stairs_7
D:3:      gammafunk_steamed_eel, layout_rooms, minmay_misc_feat_more_columns,
          uniq_robin, uniq_grinder
D:4:      layout_cave_pods, minmay_increasing_density, uniq_natasha,
          uniq_duvessa
D:5:      layout_loops_ring, lemuel_coloured_pillars_altar,
          mainiacjoe_overflow_small_starburst, minmay_mini_ossuary
D:6:      layout_loops_ring, mainiacjoe_overflow_tiny_flanked,
          mainiacjoe_overflow_boulevard, minmay_temple_entry_stoned_glass,
          kennysheep_generic_room_9
D:7:      layout_cave_pools
D:8:      minmay_spotlight, layout_basic, minmay_orc_keep, uniq_maurice
D:9:      layout_roguey, nicolae_hepliaklqana_hippocampus, uniq_maggie,
          uniq_psyche, uniq_gastronok, uniq_amaemon
Temple:   minmay_temple_bridge_d

Skill      XL: |  1  2  3  4  5  6  7  8  9 10 |
---------------+-------------------------------+-----
Dodging        | 2 3 4 5 |  5.0
Fighting       | 2 3 5 |  5.0
Poison Magic   | 1 3 |  3.0
Transmutations | 4 5 6 7 |  7.4
Unarmed Combat | 4 5 7 10 | 10.0
Ice Magic      | 1 3 |  3.0
Invocations    | 2 4 |  4.1
Spellcasting   | 3 5 |  5.5

Action                   |  1- 3 |  4- 6 |  7- 9 | 10-12 || total
-------------------------+-------+-------+-------+-------++-------
Melee: Unarmed           |   102 |   145 |   295 |   104 ||   646
       Headbutt          |    12 |    12 |       |       ||    24
       Tailslap          |    14 |    15 |     3 |       ||    32
       Kick              |    17 |    20 |       |       ||    37
       Punch             |     4 |     3 |     1 |     1 ||     9
Throw: Stone             |       |     4 |    25 |       ||    29
 Cast: Beastly Appendage |    20 |    10 |       |       ||    30
       Spider Form       |       |     5 |    38 |       ||    43
       Ice Form          |       |       |    11 |    10 ||    21
 Abil: End Transformatio |    11 |     3 |    43 |     8 ||    65
       Breathe Frost     |       |       |     4 |     1 ||     5
  Use: Scroll            |       |    10 |    11 |       ||    21
       Potion            |       |       |       |     4 ||     4
 Stab: Sleeping          |     1 |       |     2 |       ||     3
Armor: Skin              |    21 |    35 |    34 |    42 ||   132
Dodge: Dodged            |    41 |   113 |   204 |    60 ||   418

Table legend: (Time is in decaauts)
 A = Elapsed time spent in this place.
 B = Non-inter-level travel time spent in this place.
 C = Inter-level travel time spent in this place.
 D = Time resting spent in this place.
 E = Time spent auto-exploring this place.
 F = Levels seen in this place.
 G = Mean time per level.
                   A        B        C        D        E       F      G
               +--------+--------+--------+--------+--------+-----+--------+
         Total |   8104 |   7752 |    352 |    297 |   5946 |  10 |  810.4 |
       Dungeon |   7731 |   7524 |    207 |    297 |   5732 |   9 |  859.0 |
        Temple |    372 |    227 |    145 |      0 |    214 |   1 |  372.0 |
               +--------+--------+--------+--------+--------+-----+--------+

Top non-repeatable levels by time:
     D:4: 1398 daAuts
     D:8: 1118 daAuts
     D:5: 1113 daAuts
     D:7: 1057 daAuts
     D:6: 944 daAuts
     D:1: 847 daAuts
     D:2: 650 daAuts
     D:3: 567 daAuts
  Temple: 372 daAuts
     D:9: 34 daAuts

Table legend:
 A = Kills in this place as a percentage of kills in entire the game.
 B = Kills by you in this place as a percentage of kills by you in the entire game.
 C = Kills by friends in this place as a percentage of kills by friends in the entire game.
 D = Other kills in this place as a percentage of other kills in the entire game.
 E = Experience gained in this place as a percentage of experience gained in the entire game.
 F = Experience gained in this place divided by the number of levels of this place that you have seen.
                   A       B       C       D       E      F
               +-------+-------+-------+-------+-------+----------------------
         Total | 100.0 | 100.0 |   N/A |   N/A | 100.0 | 842.9
       Dungeon | 100.0 | 100.0 |   N/A |   N/A | 100.0 | 936.6
               +-------+-------+-------+-------+-------+----------------------
